 Dungeon Crawl Stone Soup version 0.24.0-123-gd5b16e6ec5 (webtiles) character file.

Game seed: 3197462825460135688, levelgen mode: deterministic

127 Delamore the Shield-Bearer (level 5, 0/41 HPs)
             Began as a Formicid Fighter on Jan 7, 2020.
             Slain by a gnoll sergeant
             ... wielding a +1 spear of chaos
              (2 damage)
             ... on level 3 of the Dungeon.
             The game lasted 00:01:56 (1636 turns).

Delamore the Shield-Bearer (Formicid Fighter)       Turns: 1636, Time: 00:01:57

Health: 0/41       AC:  6    Str: 19    XL:     5   Next: 33%
Magic:  5/5        EV:  9    Int:  8    God:
Gold:   150        SH:  0    Dex: 15    Spells: 4/4 levels left

rFire    . . .     SeeInvis +   e - +0 hand axe (elec)
rCold    . . .     Gourm    .   c - +0 shield
rNeg     . . .     Faith    .   b - +0 scale mail
rPois    .         Spirit   .   (helmet unavailable)
rElec    .         Reflect  .   (no cloak)
rCorr    .         Harm     .   (no gloves)
MR       .....                  (no boots)
Stlth    +.........             (no amulet)
HPRegen  0.13/turn              (no ring)
MPRegen  0.09/turn              (no ring)

@: agile, petrifying, flying, lightly drained, very slow
A: permanent stasis, dig shafts and tunnels, four strong arms, antennae 3, weak
1, wild magic 1
a: Dig, Shaft Self


You were on level 3 of the Dungeon.
You were hungry.

You visited 1 branch of the dungeon, and saw 3 of its levels.

You collected 150 gold pieces.

Inventory:

Hand Weapons
 a - a +0 war axe
 e - a +0 hand axe of electrocution (weapon)
Armour
 b - a +0 scale mail (worn)
 c - a +0 shield (worn)
Scrolls
 g - 2 scrolls of remove curse {unknown}
 h - a scroll of teleportation {unknown}
 j - a scroll of identify {unknown}
 l - 2 scrolls of enchant weapon {unknown}
 n - a scroll of noise {unknown}
 r - a scroll of enchant armour {unknown}
Potions
 d - 2 potions of might
 i - a potion of flight
 k - a potion of agility
 m - a potion of mutation
 o - a potion of invisibility {unknown}
 q - a potion of resistance {unknown}
Comestibles
 f - 5 rations


   Skills:
 - Level 3.2(3.0) Fighting
 + Level 4.3(4.0) Axes
 - Level 3.2(3.0) Armour
 + Level 4.9(4.6) Shields


You had 4 spell levels left.
You didn't know any spells.
Your spell library was empty.

Dungeon Overview and Level Annotations

Branches:
Dungeon (3/15)

Altars:

Annotations:
D:3 1 transporter


Innate Abilities, Weirdness & Mutations

You cannot be hasted, slowed, berserked, paralysed or teleported.
You can dig through walls and to a lower floor.
Your four strong arms can wield two-handed weapons with a shield.
You have a pair of large antennae on your head. (SInv)
You are weak. (Str -2)
Your spells are a little harder to cast, but a little more powerful.


Message History

It was a potion of flight.
You feel very buoyant.
You fly up into the air.
The gnoll sergeant barely misses you. You block the gnoll's attack.
The gnoll zaps a wand.
The puff of flame hits you.
* * * LOW HITPOINT WARNING * * *
It was a potion of mutation.
You feel extremely strange.
You feel weaker.
You feel less in control of your magic.
The gnoll sergeant hits you but does no damage.
You are slowing down.
The gnoll hits you but does no damage. The gnoll barely misses you.
It was a potion of haste.
Your stasis prevents you from being hasted.
The gnoll sergeant hits you but does no damage.
The gnoll hits you with a +0 spear of venom.
The gnoll hits you but does no damage.
The gnoll sergeant hits you from afar with a +1 spear of chaos.
* * * LOW HITPOINT WARNING * * *
You feel drained.
You die...

#.#.............................#
#.#..≈≈≈≈≈≈≈≈≈≈≈...≈≈≈≈≈≈≈≈≈≈≈..#
..#+.≈≈≈≈≈≈≈≈≈≈≈...≈≈≈≈≈≈≈≈≈≈≈..#
.....≈≈#####...........#####≈≈...
.....≈≈#.#.#.###.©.###.#.#.#≈≈...
.....≈≈#g..###.#####.###...#≈≈...
.....≈≈###.......ggg.....###≈≈...
.....≈≈.8# ## ##'######.#8.≈≈...
.....≈≈.##.#.⌠.#@.8# .#.##.≈≈...
.....≈≈.#..'...g.©⌠# { '..#.≈≈...
÷....≈≈.##.#.⌠.#P.8# #.##.≈≈...
.....≈≈.8#.######'######.#8.≈≈...
.....≈≈###............g..###≈≈...
.....≈≈#...###©#####.###...#≈≈...
.....≈≈#.#.#.###.©.###.#.#.#≈≈...
.....≈≈#####...........#####≈≈...
.....≈≈≈≈≈≈≈≈≈≈≈≈≈≈≈≈≈≈≈≈≈≈≈≈≈...


You could see a gnoll sergeant and 3 gnolls.

Vanquished Creatures
  A gnoll (D:3)
  6 adders
  2 worms
  A dart slug (D:1)
  An orc (D:3)
  2 ball pythons (D:2)
  7 bats
  2 giant cockroaches (D:2)
  4 goblins
  7 hobgoblins
  6 jackals
  A quokka (D:3)
  5 frilled lizards
  8 kobolds
  5 rats
  A plant (D:3)
59 creatures vanquished.

Vanquished Creatures (others)
  4 plants (D:3)
4 creatures vanquished.

Grand Total: 63 creatures vanquished

Notes
Turn   | Place    | Note
-------+----------+-------------------------------------------
     0 | D:1      | Delamore the Formicid Fighter began the quest for the Orb.
     0 | D:1      | Reached XP level 1. HP: 18/18 MP: 1/1
     1 | D:1      | You fall into a shaft and drop 1 floor!
   107 | D:1      | Reached XP level 2. HP: 20/24 MP: 2/2
   374 | D:1      | Reached XP level 3. HP: 27/29 MP: 3/3
   702 | D:2      | Reached XP level 4. HP: 35/35 MP: 4/4
  1026 | D:3      | Found a transporter.
  1187 | D:3      | Reached XP level 5. HP: 41/41 MP: 5/5
  1607 | D:3      | Found a transporter.
  1635 | D:3      | Gained mutation: You are weak. (Str -2) [potion of
                  | mutation]
  1635 | D:3      | Gained mutation: Your spells are a little harder to cast,
                  | but a little more powerful. [potion of mutation]
  1636 | D:3      | HP: 2/41 [gnoll sergeant/+1 spear of chaos (4)]
  1636 | D:3      | Slain by a gnoll sergeant

Levels and vault maps discovered:
D:1:      scummos_arrival_simple_fountains, layout_rooms, minmay_tetromino_i4
D:2:      layout_loops_ring
D:3:      layout_basic, gammafunk_ghost_gnarly_gnolls

Skill      XL: |  1  2  3  4 |
---------------+-------------+-----
Axes           | 3 4 |  4.3
Shields        | 4 |  4.9
Fighting       | |  3.2
Armour         | |  3.2

Action                   |  1- 3 |  4- 6 || total
-------------------------+-------+-------++-------
Melee: Hand axe          |    72 |    92 ||   164
  Use: Potion            |       |     4 ||     4
  Eat: Chunk             |       |     2 ||     2
Armor: Scale mail        |    44 |    35 ||    79
Dodge: Dodged            |    25 |    36 ||    61
Block: Shield            |    45 |    56 ||   101
